 Dungeon Crawl Stone Soup version 0.30.1-4-g462c640d31 (webtiles) character file.

Game seed: 2965364773325494019

106 rvierbuc the Conjurer (level 4, 0/34 HPs)
             Began as a Demigod Conjurer on Aug 22, 2023.
             Slain by an orc wizard
             ... wielding a +0 dagger
              (4 damage)
             ... on level 3 of the Dungeon.
             The game lasted 00:08:53 (3277 turns).

rvierbuc the Conjurer (Demigod Conjurer)            Turns: 3277, Time: 00:08:54

Health: 0/34       AC:  2    Str:  8    XL:     4   Next: 30%
Magic:  1/10       EV: 12    Int: 24    God:
Gold:   126        SH:  0    Dex: 12    Spells: 4/7 levels left

rFire   . . .        j - staff of air
rCold   . . .        (no shield)
rNeg    . . .        a - +0 robe
rPois   .            (no helmet)
rElec   +            v - scarf {repulsion}
rCorr   .            (no gloves)
SInv    .            (no boots)
Will    .....        r - amulet of the acrobat
Stlth   +            (no ring)
HPRegen 0.25/turn    (no ring)
MPRegen 0.12/turn

%: repel missiles, acrobat
@: confused
A: high MP 1, forlorn, divine attributes
a: no special abilities


You were on level 3 of the Dungeon.
You visited 1 branch of the dungeon, and saw 4 of its levels.

You collected 126 gold pieces.

Inventory:

Missiles
 h - 6 boomerangs
 l - 2 poisoned darts
 t - 3 curare-tipped darts
Armour
 a - a +0 robe (worn)
 v - a scarf of repulsion (worn)
Magical Staves
 j - a staff of air (weapon)
 k - a staff of poison
Jewellery
 n - an amulet of regeneration
 p - a ring of ice
 r - an amulet of the acrobat (around neck)
 s - an amulet of guardian spirit
Scrolls
 d - a scroll of summoning {unknown}
 e - a scroll of teleportation {unknown}
 f - a scroll of noise {unknown}
 g - 2 scrolls of identify {unknown}
 i - a scroll of blinking {unknown}
 o - 2 scrolls of amnesia {unknown}
 q - a scroll of immolation {unknown}
Potions
 b - 2 potions of magic
 c - a potion of mutation {unknown}
 m - a potion of curing {unknown}
 u - a potion of lignification {unknown}


   Skills:
 * Level 0.9 Fighting
 + Level 0.1 Staves
 * Level 2.3 Dodging
 + Level 1.9 Stealth
 + Level 2.3 Spellcasting
 + Level 4.6 Conjurations


You had 4 spell levels left.
You knew the following spells:

 Your Spells              Type           Power      Damage    Failure   Level
a - Magic Dart            Conj           100%       1d8       1%          1
b - Searing Ray           Conj           50%        2d6       2%          2

Your spell library contained the following spells:

 Spells                   Type           Power      Damage    Failure   Level
 Dazzling Flash           Conj/Hex       26%        N/A       14%         3
 Hailstorm                Conj/Ice       13%        3d5       14%         3
 Fulminant Prism          Conj/Hex       6%         3d7       41%         4
 Iskenderun's Mystic Bla  Conj/Tloc      13%        2d5       41%         4
 Ice Form                 Ice/Tmut       2%         N/A       75%         4
 Simulacrum               Ice/Necr       1%         N/A       100%        6


Dungeon Overview and Level Annotations

Branches:
Dungeon (4/15)
 Temple: D:4-7


Innate Abilities, Weirdness & Mutations

You have an increased reservoir of magic. (+10% MP)
You shall have no god before yourself.
Your divine heritage dramatically boosts your attributes as you level up.


Message History

You finish channelling your searing ray.
The orc wizard casts a spell at you. The magic dart hits you!
The orc wizard casts a spell at you. The magic dart hits you.
You hear some strange, mumbled words.
A magic dart appears from out of thin air!
The magic dart hits you!
You climb upwards.
Reactivating autopickup.
There is a stone staircase leading down here.
You hear some strange, mumbled words.
Deactivating autopickup; reactivate with Ctrl-A.
Something tries to affect you, but you resist.
Something hits you.
Casting: Searing Ray (safe; 2% risk of failure)
Confirm with . or Enter, or press ? or * to list all spells.
Aiming: Searing Ray (safe; 2% risk of failure)
Press: ? - help, Shift-Dir - straight line The searing ray hits something. (Press . to maintain the ray.)
Something hits you.
* * * LOW HITPOINT WARNING * * *
Something hits you but does no damage.
You hit something but do no damage. Something hits you.
* * * LOW HITPOINT WARNING * * *
You closely miss something.
You hear some strange, mumbled words.
You are confused.
You bump into the rock wall.
Something hits you.
* * * LOW HITPOINT WARNING * * *
You hear some strange, mumbled words.
You are more confused.
Something hits you.
* * * LOW HITPOINT WARNING * * *
You're too confused to cast spells.
Sorry, you're not good enough to have a special ability.
You barely miss something. Something hits you but does no damage.
You're too confused to move!
Something hits you.
You die...

######.# #.#.##
#......# #.#.#
#######.###### #.#.#
#.....#.#########.#.#
#.###..........##.#.#
#.# ###.######.##.#.#
#.# ##.## #.##.#.#
#.####.#)#####......#
#....@###....####...#
#..###.#.##.#.###...#
#..# ##....###......#
#..# #>.##.#..###..#
#..# ##.###.#.# #..#
#..# ##.# #.#.# #..##
#..# ##..# #.#.# #.†..
#..###...###.#.###.###
#^.##.................


There were no monsters in sight!

Vanquished Creatures
  2 adders
  2 worms
  7 orcs
  7 ball pythons
  11 endoplasms
  2 giant cockroaches (D:1)
  6 goblins
  3 hobgoblins
  6 jackals
  7 kobolds
  A quokka (D:1)
  7 bats
  6 frilled lizards
  7 rats
74 creatures vanquished.

Notes
Turn   | Place    | Note
-------+----------+-------------------------------------------
     0 | D:1      | rvierbuc the Demigod Conjurer began the quest for the Orb.
     0 | D:1      | Reached XP level 1. HP: 14/14 MP: 5/5
   276 | D:1      | Reached skill level 4 in Conjurations
   276 | D:1      | Reached XP level 2. HP: 20/20 MP: 4/7
  1428 | D:2      | Reached XP level 3. HP: 24/26 MP: 0/8
  2441 | D:3      | Reached XP level 4. HP: 29/34 MP: 1/10
  2444 | D:3      | Learned a level 2 spell: Searing Ray
  3277 | D:3      | Slain by an orc wizard

Illustrated notes

Levels and vault maps discovered:
D:1:      eino_arrival_water_star, layout_basic
D:2:      layout_rooms, st_stairs_14
D:3:      layout_loops_ring, evilmike_ruin_ashenzari, lemuel_tele_altar,
          grunt_qazlal_sundering, shapermc_ecumenical_altar_mp_highgroup
D:4:      layout_basic, minmay_temple_entry_trees

Skill      XL: |  1  2 |
---------------+-------+-----
Conjurations   | 4 |  4.6
Spellcasting   | 2 |  2.3
Dodging        | 2 |  2.3
Fighting       | |  0.9
Staves         | |  0.1
Stealth        | |  1.9

Action                     |  1- 3 |  4- 6 || total
---------------------------+-------+-------++-------
  Melee: Staff             |    28 |     3 ||    31
   Cast: Magic Dart        |   122 |    25 ||   147
         Searing Ray       |       |     2 ||     2
 Armour: Robe              |     5 |     2 ||     7
  Dodge: Dodged            |    26 |     1 ||    27
